 Dungeon Crawl Stone Soup version 0.32-a0-630-g46d191b0ed (webtiles) character file.

Game seed: 2941354788158415772

110 ezpacito the Trooper (level 4, -1/37 HPs)
             Began as a Coglin Chaos Knight on Mar 6, 2024.
             Was a Plaything of Xom.
             Slain by an orc
             ... wielding a +0 whip
              (4 damage)
             ... on level 3 of the Dungeon.
             The game lasted 00:02:23 (1429 turns).

ezpacito the Trooper (Coglin Chaos Knight)          Turns: 1429, Time: 00:02:24

Health: -1/37      AC:  5    Str: 14    XL:     4   Next: 91%
Magic:  5/5        EV: 11    Int: 11    God:    Xom [*.....]
Gold:   66         SH:  0    Dex: 14    Spells: 4/4 levels left

rFire   + . .        a - +0 hand axe (chaos) {Belanum}
rCold   + . .        c - +1 short sword (elec) {Shi}
rNeg    . . .        b - +2 leather armour
rPois   +            (no helmet)
rElec   +            (no cloak)
rCorr   +            (no gloves)
SInv    .            (no boots)
Will    .....        (amulet unavailable)
Stlth   +            (ring unavailable)
HPRegen 0.26/turn    (ring unavailable)
MPRegen 0.09/turn    (no gizmo)

%: no passive effects
@: mighty, resistant, hasted, revved, very quick
A: off-hand wielding, slow wielding, warmup strikes, no jewellery
a: Invent Gizmo, Renounce Religion


You were on level 3 of the Dungeon.
You worshipped Xom.
You were a special plaything of Xom.
You visited 1 branch of the dungeon, and saw 3 of its levels.

You collected 66 gold pieces.

Inventory:

Hand Weapons
 a - a +0 hand axe of chaos (weapon) {Belanum}
 c - a +1 short sword of electrocution (offhand) {Shi}
 s - a +0 trident
Missiles
 k - 5 javelins (quivered)
 p - a throwing net
Armour
 b - a +2 leather armour (worn)
 f - a +0 chain mail
 o - a +0 cloak
Magical Staves
 n - a staff of conjuration
Talismans
 m - a dragon-blood talisman
Scrolls
 d - a scroll of poison {unknown}
 e - a scroll of immolation {unknown}
 g - a scroll of fear
 h - a scroll of fog
 j - a scroll of enchant armour {unknown}
 r - a scroll of enchant weapon {unknown}
Potions
 l - 2 potions of enlightenment


   Skills:
 * Level 3.6 Fighting
 * Level 3.5(3.6) Axes
 + Level 0.8(2.2) Polearms
 * Level 2.2 Armour
 * Level 1.7 Dodging
 + Level 0.9 Stealth
 + Level 0.9 Spellcasting


You had 4 spell levels left.
You didn't know any spells.
Your spell library was empty.

Dungeon Overview and Level Annotations

Branches:
Dungeon (3/15)

Altars:


Innate Abilities, Weirdness & Mutations

You can wield a second weapon in your off-hand.
It takes a long time for you to wield or remove held weapons.
Your first few attacks do less damage.
You cannot equip rings or amulets.


Message History

You bump into the rock wall.
The orc closely misses you. The orc hits you with a +0 whip.
You take 1 damage, and have 16/36 hp.
The orc hits you with a +0 whip.
You take 3 damage, and have 13/36 hp.
You bump into the rock wall.
The orc hits you but does no damage.
You bump into the rock wall.
The orc barely misses you. The orc hits you with a +0 flail!
* * * LOW HITPOINT WARNING * * *
You take 7 damage, and have 6/36 hp.
It was a potion of haste.
You feel yourself speed up.
You feel less confused. The orc closely misses you.
The orc hits you with a +0 whip.
* * * LOW HITPOINT WARNING * * *
The orc hits you with a +0 flail.
* * * LOW HITPOINT WARNING * * *
You take 4 damage, and have 2/36 hp.
It was a potion of resistance.
You feel protected.
It was a potion of might.
You feel very mighty all of a sudden. The orc misses you.
The orc hits you but does no damage. The orc closely misses you.
You hit the orc with your +0 hand axe of chaos.
You freeze the orc.
You kill the orc!
You hit the orc with your +0 hand axe of chaos.
The orc is poisoned.
You closely miss the orc with your +0 hand axe of chaos.
The orc closely misses you. x2
You hit the orc but do no damage.
You barely miss the orc with your +0 hand axe of chaos.
You closely miss the orc with your +0 hand axe of chaos.
You slash the orc with your +0 hand axe of chaos!
You kill the orc!
You barely miss the orc with your +1 short sword of electrocution.
You closely miss the orc with your +0 hand axe of chaos. x2
The orc completely misses you. The orc hits you with a +0 whip.
You die... "This toy is broken."

.##..####....
.......[..#
.....######
.....#############
...............).#
.....###########.#
.....# #.# ######
##)# #o@# #.o##
....## ......
....... .......
....... .......


You could see 2 orcs.

Vanquished Creatures
  An orc wizard (D:3)
  2 adders (D:2)
  3 dart slugs
  2 orcs (D:3)
  5 ball pythons
  6 bats
  6 endoplasms (D:1)
  2 giant cockroaches (D:2)
  6 hobgoblins (D:1)
  3 quokkas
  7 goblins
  4 kobolds
  4 rats
51 creatures vanquished.

Vanquished Creatures (collateral kills)
  A quokka (D:1)
  A kobold (D:1)
2 creatures vanquished.

Vanquished Creatures (others)
  A hobgoblin zombie (D:1)
1 creature vanquished.

Grand Total: 54 creatures vanquished

Notes
Turn   | Place    | Note
-------+----------+-------------------------------------------
     0 | D:1      | ezpacito the Coglin Chaos Knight began the quest for the
                  | Orb.
     0 | D:1      | Reached XP level 1. HP: 18/18 MP: 1/1
    21 | D:1      | XOM: butterfly on damage
    88 | D:1      | Reached skill level 1 in Dodging
   104 | D:1      | XOM: silly message
   157 | D:1      | Reached XP level 2. HP: 19/24 MP: 2/2
   256 | D:1      | Reached XP level 3. HP: 25/29 MP: 3/3
   359 | D:1      | HP: 1/29 [kobold/+1 short sword of electrocution (11)]
   415 | D:1      | XOM: silly message
   798 | D:2      | XOM: divination: detect creatures
   921 | D:2      | Reached XP level 4. HP: 33/35 MP: 4/4
  1429 | D:3      | Slain by an orc

Illustrated notes

Levels and vault maps discovered:
D:1:      dpeg_arrival_rhombus, layout_rooms, minmay_split_cup_large
D:2:      layout_loops_ring
D:3:      cheibrodos_old_hovel, layout_rooms, xom_teletrap_fun,
          kennysheep_minor_cross, uniq_robin

Skill      XL: |  1  2 |
---------------+-------+-----
Dodging        | 1 |  1.7
Armour         | 2 |  2.2
Fighting       | |  3.6
Axes           | |  3.5
Polearms       | |  0.8
Stealth        | |  0.9
Spellcasting   | |  0.9

Action                     |  1- 3 |  4- 6 || total
---------------------------+-------+-------++-------
  Melee: Hand axe          |    74 |    17 ||    91
         Dagger            |    45 |       ||    45
         Short sword       |    19 |    13 ||    32
    Use: Scroll            |     4 |       ||     4
         Potion            |     2 |     3 ||     5
   Stab: Paralysed         |     1 |       ||     1
         Sleeping          |     1 |     1 ||     2
 Armour: Leather armour    |    46 |    15 ||    61
  Dodge: Dodged            |    42 |    17 ||    59

Table legend: (Time is in decaauts)
 A = Elapsed time spent in this place.
 B = Non-inter-level travel time spent in this place.
 C = Inter-level travel time spent in this place.
 D = Time resting spent in this place.
 E = Time spent auto-exploring this place.
 F = Levels seen in this place.
 G = Mean time per level.
                   A        B        C        D        E       F      G
               +--------+--------+--------+--------+--------+-----+--------+
         Total |   1432 |   1361 |     71 |      0 |   1060 |   3 |  477.3 |
       Dungeon |   1432 |   1361 |     71 |      0 |   1060 |   3 |  477.3 |
               +--------+--------+--------+--------+--------+-----+--------+

Top non-repeatable levels by time:
     D:2: 688 daAuts
     D:1: 663 daAuts
     D:3: 81 daAuts
